 Dungeon Crawl Stone Soup version 0.29.1-15-g9cfb28693d (webtiles) character file.

Game seed: 8840045483350438715

120 growler the Ruffian (level 4, -3/35 HPs)
             Began as a Draconian Transmuter on Mar 6, 2023.
             Slain by a gnoll
             ... wielding a +0 spear
              (8 damage)
             ... while paralysed by Grinder
             ... on level 3 of the Dungeon.
             The game lasted 00:03:25 (1742 turns).

growler the Ruffian (Draconian Transmuter)          Turns: 1742, Time: 00:03:26

Health: -3/35      AC:  2    Str: 13    XL:     4   Next: 75%
Magic:  2/8        EV:  5    Int: 15    God:
Gold:   147        SH:  0    Dex: 16    Spells: 3/9 levels left

rFire   . . .      SeeInvis .     - Unarmed
rCold   . . .      Faith    .   (shield currently unavailable)
rNeg    . . .      Spirit   .   (body armour unavailable)
rPois   x          Reflect  .   (helmet currently unavailable)
rElec   .          Harm     .   (cloak currently unavailable)
rCorr   .          Rampage  .   (gloves currently unavailable)
Will    .....                   (boots currently unavailable)
Stlth   +.........              (no amulet)
HPRegen 0.11/turn               (no ring)
MPRegen 0.11/turn               (no ring)

@: paralysed, spider-form (expiring), wereblooded (expiring)
A: venomous fangs, AC +5, tiny, unfitting armour, (cold-blooded)
a: End Transformation


You were on level 3 of the Dungeon.
You were a venomous arachnid creature.
You visited 1 branch of the dungeon, and saw 3 of its levels.

You collected 147 gold pieces.

Inventory:

Jewellery
 m - an amulet of guardian spirit
Scrolls
 b - a scroll of magic mapping {unknown}
 c - a scroll of noise {unknown}
 g - a scroll of vulnerability {unknown}
 h - a scroll of teleportation {unknown}
 j - a scroll of fear {unknown}
 k - a scroll of silence {unknown}
 n - a scroll of brand weapon {unknown}
Potions
 a - 2 potions of lignification
 d - 2 potions of mutation {unknown}
 e - a potion of flight {unknown}
 f - 3 potions of curing {unknown}
 i - a potion of berserk rage {unknown}
 l - a potion of invisibility {unknown}


   Skills:
 - Level 1.2 Fighting
 - Level 1.8 Dodging
 + Level 4.0 Unarmed Combat
 - Level 3.0 Spellcasting
 + Level 3.2 Transmutations


You had 3 spell levels left.
You knew the following spells:

 Your Spells              Type           Power      Damage    Failure   Level
a - Beastly Appendage     Tmut           24%        N/A       16%         1
b - Wereblood             Tmut           12%        N/A       21%         2
c - Spider Form           Tmut/Pois      7%         N/A       52%         3

Your spell library contained the following spells:

 Spells                   Type           Power      Damage    Failure   Level
 Magic Dart               Conj           8%         1d3       41%         1
 Call Imp                 Summ           2%         N/A       52%         2
 Mephitic Cloud           Conj/Pois/Air  2%         N/A       73%         3
 Ice Form                 Ice/Tmut       7%         N/A       87%         4


Dungeon Overview and Level Annotations

Branches:
Dungeon (3/15)

Altars:

Shops:
D:1 ??

Annotations:
D:2 1 runed translucent door, Crazy Yiuf
D:3 Grinder


Innate Abilities, Weirdness & Mutations

You are a venomous arachnid creature.
You have poisonous fangs.
You are tiny and dextrous.
Your spellcasting is less reliable in this form.
Your armour is entirely melded.
You are incapable of wielding weapons or throwing items.
((Your plain brown scales are hard. (AC +5)))
You cannot fit into any form of body armour.
((You are cold-blooded and may be slowed by cold attacks.))


Message History

You hit the gnoll.
You kill the gnoll!
The gnoll hits you from afar with a +0 spear.
Training target 3.0 for Spellcasting reached!
Your Unarmed Combat skill increases to level 4!
Your Spellcasting skill increases to level 3!
You hit the gnoll.
The gnoll is moderately wounded.
The gnoll barely misses you. The gnoll hits you with a +0 whip.
You hit the gnoll.
The gnoll is poisoned.
The gnoll is almost dead.
You feel a bit better.
You kill the gnoll!
The gnoll misses you. The gnoll hits you with a +0 spear!
Grinder barely misses you.
Items here: ( )) †.
You hit Grinder.
Grinder is lightly wounded.
Your transformation has ended.
The gnoll closely misses you.
Grinder blinks!
You hit the gnoll but do no damage. The gnoll barely misses you.
You closely miss the gnoll. You tail-slap the gnoll!
The gnoll is heavily wounded.
The gnoll hits you with a +0 spear.
Casting: Spider Form (quite dangerous; 30% risk of failure)
Confirm with . or Enter, or press ? or * to list all spells.
The spell is quite dangerous to miscast (30% risk of failure)!
Continue anyway?
You turn into a venomous arachnid creature.
Your transformation is almost over.
The gnoll barely misses you. Grinder gestures at you.
You suddenly lose the ability to move!
Your primal bloodlust is almost over.
The gnoll hits you with a +0 spear. Grinder gestures at you.
Pain shoots through your body!
* * * LOW HITPOINT WARNING * * *
You hiss as the wereblood boils in your veins!
The gnoll hits you with a +0 spear!
You die...

# #.#
##.######.##
#......<#.. #
#.......#.# .#
.....##.#.#
###.##
#.##......#
.....## #
####.#)##...?...
!..#..)...)...
.....###s.5..##
####### #g....#
#........
.....$##.
......# #.######
#. #.


You could see Grinder and a gnoll.

Vanquished Creatures
  3 gnolls (D:3)
  3 adders (D:2)
  2 worms (D:2)
  2 dart slugs (D:1)
  An orc (D:2)
  2 ball pythons
  7 endoplasms
  3 giant cockroaches
  7 goblins
  3 hobgoblins
  6 kobolds
  2 quokkas (D:2)
  5 bats
  6 frilled lizards
  3 rats
55 creatures vanquished.

Notes
Turn   | Place    | Note
-------+----------+-------------------------------------------
     0 | D:1      | growler the Draconian Transmuter began the quest for the
                  | Orb.
     0 | D:1      | Reached XP level 1. HP: 16/16 MP: 3/3
    11 | D:1      | Found Cowoda's Magic Scroll Emporium.
   182 | D:1      | Reached XP level 2. HP: 21/23 MP: 3/5
   364 | D:1      | Learned a level 2 spell: Wereblood
   498 | D:1      | Found Hoetuaq's Magic Scroll Shoppe.
   576 | D:1      | Reached XP level 3. HP: 28/28 MP: 4/6
   580 | D:1      | Learned a level 3 spell: Spider Form
  1202 | D:2      | Reached XP level 4. HP: 35/35 MP: 6/8
  1351 | D:2      | Found a runed translucent door.
  1352 | D:2      | Noticed Crazy Yiuf
  1732 | D:3      | Noticed Grinder
  1734 | D:3      | Reached skill level 4 in Unarmed Combat
  1740 | D:3      | Paralysed by Grinder for 3 turns
  1742 | D:3      | Slain by a gnoll

Illustrated notes

Levels and vault maps discovered:
D:1:      scummos_arrival_checkerplants, layout_rooms, serial_shops, shop,
          shop_scrolls
D:2:      kennysheep_six_static_rooms, layout_loops_corners,
          hangedman_feature_mirror, uniq_crazy_yiuf_cottage
D:3:      layout_loops_cross, nicolae_overflow_crystal_walls,
          mainiacjoe_overflow_small_starburst, gup_sewer_entry_bowl,
          shapermc_ecumenical_altar_starsandcircs, uniq_grinder

Skill      XL: |  1  2  3  4 |
---------------+-------------+-----
Transmutations | 3 |  3.2
Unarmed Combat | 4 |  4.0
Spellcasting   | 3 |  3.0
Fighting       | |  1.2
Dodging        | |  1.8

Action                   |  1- 3 |  4- 6 || total
-------------------------+-------+-------++-------
Melee: Unarmed           |    91 |    31 ||   122
       Kick              |    15 |     5 ||    20
       Headbutt          |     9 |     4 ||    13
       Tailslap          |     7 |     3 ||    10
       Punch             |     1 |     1 ||     2
 Cast: Beastly Appendage |    15 |     4 ||    19
       Spider Form       |       |     2 ||     2
       Wereblood         |       |     1 ||     1
 Stab: Sleeping          |     1 |       ||     1
Armor: Skin              |    28 |     3 ||    31
Dodge: Dodged            |    54 |    14 ||    68
